 Dungeon Crawl Stone Soup version 0.23.1 (webtiles) character file.

Game seed: 17004833331967790257

557 Borgoz the Cutter (level 7, -6/57 HPs)
             Began as a Ghoul Gladiator on Mar 8, 2019.
             Was an Initiate of Ashenzari.
             Mangled by an orc
             ... wielding a +0 scythe
              (10 damage)
             ... on level 4 of the Dungeon.
             The game lasted 00:08:02 (3537 turns).

Borgoz the Cutter (Ghoul Gladiator)                 Turns: 3537, Time: 00:08:03

Health: -6/57      AC:  5    Str: 18    XL:     7   Next: 30%
Magic:  6/6        EV: 18    Int:  9    God:    Ashenzari [......]
Gold:   168        SH:  0    Dex: 16    Spells: 6/6 levels left

rFire    . . .     SeeInvis +   a - +0 rapier
rCold    + . .     Gourm    .   (no shield)
rNeg     + + +     Faith    .   r - +0 leather armour (curse)
rPois    ∞         Spirit   .   c - +0 helmet
rElec    .         Reflect  .   g - scarf {repulsion}
rCorr    .         Harm     .   (no gloves)
MR       .....                  (no boots)
Stlth    ++........             (no amulet)
HPRegen  0.00/turn              q - ring of see invisible
MPRegen  0.10/turn              o - +1 ring of protection

@: confused, brilliant, agile, rotting, repel missiles
A: rotting body, claws 1, carnivore, cold resistance 1, negative energy
resistance 3, inhibited regeneration, torment resistance, unbreathing
a: Curse Item, Renounce Religion


You were on level 4 of the Dungeon.
You worshipped Ashenzari.
Ashenzari was noncommittal.
You were not hungry.

You visited 2 branches of the dungeon, and saw 5 of its levels.
You also visited: Ossuary.

You collected 168 gold pieces.

Inventory:

Hand Weapons
 a - a +0 rapier (weapon)
Missiles
 d - 3 throwing nets (quivered)
Armour
 c - a +0 helmet (worn)
 g - a scarf of repulsion (worn)
 r - a cursed +0 leather armour (worn)
Jewellery
 o - a +1 ring of protection (right claw)
 q - a ring of see invisible (left claw)
 B - an uncursed ring of flight
Wands
 b - a wand of enslavement (10)
 l - a wand of disintegration (6)
 u - a wand of random effects (13)
Scrolls
 k - a scroll of enchant armour {unknown}
 n - 8 scrolls of identify {unknown}
 s - a scroll of fog {unknown}
 t - 2 scrolls of remove curse
 v - 2 scrolls of immolation {unknown}
 y - a scroll of fear {unknown}
 z - 2 scrolls of vulnerability {unknown}
 A - 2 scrolls of magic mapping {unknown}
Potions
 i - a potion of curing {unknown}
 j - a potion of lignification
 m - a potion of flight {unknown}
 p - a potion of magic {unknown}
 w - a potion of cancellation {unknown}
 x - a potion of agility
Comestibles
 f - 6 rations


   Skills:
 + Level 3.3 Fighting
 * Level 6.1 Short Blades
 - Level 1.7 Throwing
 + Level 2.1 Armour
 + Level 3.4 Dodging
 + Level 1.0 Stealth


You had 6 spell levels left.
You didn't know any spells.
Your spell library was empty.

Dungeon Overview and Level Annotations

Branches:
Dungeon (4/15)             Temple (1/1) D:4

Altars:
Ashenzari
Nemelex Xobeh
Qazlal
Trog
Uskayaw
Xom
Yredelemnul

Annotations:
D:4 Sigmund


Innate Abilities, Weirdness & Mutations

Your body is rotting away.
You thrive on raw meat.
You are immune to poison.
You have sharp fingernails.
You are carnivorous and can eat meat at any time.
Your flesh is cold resistant. (rC+)
You are immune to negative energy. (rN+++)
You do not regenerate when monsters are visible.
You are immune to unholy pain and torment.
You can survive without breathing.


Message History

* * * LOW HITPOINT WARNING * * *
It was a potion of lignification.
You feel woody for a moment.
The orc hits you from afar with a +0 scythe!
* * * LOW HITPOINT WARNING * * *
Sigmund completely misses you. Sigmund closely misses you.
The orc barely misses you.
You bump into the rock wall.
An orc comes into view. It is wielding a +0 scythe.
Sigmund casts a spell at you.
You are more confused.
Sigmund misses you.
Evoke which item? (* to show all) (? for menu, Esc to quit)
You're too confused!
You're too confused to move!
Sigmund casts a spell.
Sigmund flickers and vanishes for a moment.
You bump into the rock wall.
Sigmund misses you.
The orc hits you from afar with a +0 scythe!
You die...

.#..####.#
......##.#######
##..#..........#
##.......#####.#
.)..###### #.#
########## #.#
#........# #.#
#....###'###
#.####
#<...#.....#
#..@.#
#....#.....#
#(##@##
#....#.....#
####.o#
.....'..>..#
#o.#
#....#.....#
#oo'o.#
#.####.....#
#..#).#
#....#.....#
#######
..########## #.#
#.#### #<#


You could see Sigmund (invisible) and 3 orcs.

Vanquished Creatures
  2 elf zombies (Ossuary)
  2 centaur zombies (Ossuary)
  A human zombie (Ossuary)
  An orc wizard (D:3)
  4 worker ants
  A big kobold zombie (Ossuary)
  2 mummies (Ossuary)
  4 adders
  2 adder zombies (Ossuary)
  3 worms
  3 dart slugs
  A leopard gecko (D:2)
  8 orcs
  2 ball pythons
  A giant cockroach (D:3)
  6 goblins
  9 hobgoblins
  3 jackals (D:1)
  2 quokkas (D:3)
  9 bats
  9 frilled lizards
  11 hobgoblin zombies (Ossuary)
  2 jackal zombies (Ossuary)
  8 kobolds
  7 kobold zombies (Ossuary)
  A leopard gecko skeleton (D:4)
  7 orc zombies (Ossuary)
  A quokka skeleton (D:4)
  A quokka zombie (D:4)
  9 rats
  3 rat zombies
125 creatures vanquished.

Notes
Turn   | Place    | Note
-------+----------+-------------------------------------------
     0 | D:1      | Borgoz the Ghoul Gladiator began the quest for the Orb.
     0 | D:1      | Reached XP level 1. HP: 17/17 MP: 0/0
   400 | D:1      | Reached skill level 3 in Short Blades
   400 | D:1      | Reached XP level 2. HP: 25/25 MP: 1/1
   618 | D:1      | Reached XP level 3. HP: 30/30 MP: 2/2
   870 | D:2      | Found a hide-covered altar of Uskayaw.
  1304 | D:2      | Found a stormy altar of Qazlal.
  1515 | D:3      | Reached XP level 4. HP: 37/37 MP: 3/3
  1715 | D:3      | Reached skill level 4 in Short Blades
  1715 | D:3      | Reached XP level 5. HP: 28/42 MP: 4/4
  1876 | D:3      | Reached skill level 1 in Armour
  2129 | D:4      | Found a staircase to the Ecumenical Temple.
  2137 | Temple   | Entered the Ecumenical Temple
  2156 | Temple   | Became a worshipper of Ashenzari the Shackled
  2228 | D:4      | Found a sand-covered staircase.
  2363 | D:4      | Reached XP level 6. HP: 35/50 MP: 5/5
  2367 | D:4      | Reached skill level 5 in Short Blades
  2493 | Ossuary  | Entered an ossuary
  2587 | Ossuary  | Reached skill level 1 in Stealth
  3182 | Ossuary  | Reached XP level 7. HP: 21/56 MP: 6/6
  3256 | Ossuary  | Reached skill level 6 in Short Blades
  3505 | D:4      | Noticed Sigmund
  3537 | D:4      | Mangled by an orc

Skill      XL: |  1  2  3  4  5  6  7 |
---------------+----------------------+-----
Short Blades   | 3 4 5 6 |  6.1
Dodging        | 3 |  3.4
Armour         | 1 2 |  2.1
Fighting       | 3 |  3.3
Stealth        | 1 |  1.0
Throwing       | |  1.7

Action                   |  1- 3 |  4- 6 |  7- 9 || total
-------------------------+-------+-------+-------++-------
Melee: Rapier            |   187 |   328 |    67 ||   582
Throw: Throwing net      |       |     1 |       ||     1
Evoke: Wand              |       |       |     7 ||     7
  Use: Potion            |       |     1 |     7 ||     8
 Stab: Sleeping          |     1 |     1 |       ||     2
       Held in net/web   |       |     2 |       ||     2
  Eat: Chunk             |    13 |    16 |       ||    29
Armor: Leather armour    |    72 |    60 |    11 ||   143
Dodge: Dodged            |   133 |   177 |    57 ||   367
       Deflected         |     4 |     1 |       ||     5
